 Dungeon Crawl Stone Soup version 0.29-a0-219-g0a02b1cf4f (console) character file.

Game seed: 2805638698960701154

4981 jejorda2 the Archer (level 10, -6/57 HPs)
             Began as a Deep Elf Hunter on Feb 25, 2022.
             Was a Follower of Okawaru.
             Killed from afar by a gargoyle (15 damage)
             ... with a stone arrow
             ... on level 9 of the Dungeon.
             The game lasted 00:26:49 (11388 turns).

jejorda2 the Archer (Deep Elf Hunter)              Turns: 11388, Time: 00:26:49

Health: -6/57      AC:  5    Str:  9    XL:     10   Next: 29%
Magic:  0/20       EV: 15    Int: 17    God:    Okawaru [*.....]
Gold:   462        SH:  0    Dex: 19    Spells: 15/20 levels left

rFire   . . .      SeeInvis .   a - +2 shortbow (vorpal)
rCold   . . .      Faith    .   (shield currently unavailable)
rNeg    . . .      Spirit   +   b - +0 leather armour
rPois   +          Reflect  .   (no helmet)
rElec   .          Harm     .   (no cloak)
rCorr   .          Rampage  .   (no gloves)
Will    +....                   h - +1 pair of boots
Stlth   +++.......              B - amulet of guardian spirit
HPRegen 0.19/turn               D - ring of poison resistance
MPRegen 0.17/turn               (no ring)

@: no status effects
A: no striking features
a: Renounce Religion, Heroism


You were on level 9 of the Dungeon.
You worshipped Okawaru.
Okawaru was aware of your devotion.
You visited 1 branch of the dungeon, and saw 9 of its levels.
You also visited: Sewer and Ossuary.

You collected 462 gold pieces.

Inventory:

Hand Weapons
 a - a +2 vorpal shortbow (weapon)
 c - the +8 short sword "Dragonbane" {venom, rElec rC+ rN+ Int+3}
   (You found it on level 6 of the Dungeon)

   It poisons the flesh of those it strikes.
   Int:       It affects your intelligence (+3).
   rC:        It protects you from cold.
   rElec:     It insulates you from electricity.
   rN:        It protects you from negative energy.
Missiles
 A - 4 javelins
Armour
 b - a +0 leather armour (worn)
 h - a +1 pair of boots (worn)
Jewellery
 B - an amulet of guardian spirit (around neck)
 D - a ring of poison resistance (left hand)
Wands
 s - a wand of iceblast (6)
 y - a wand of flame (42)
 C - a wand of polymorph (6)
 E - a wand of acid (5)
Scrolls
 e - a scroll of magic mapping
 g - 3 scrolls of amnesia
 m - 5 scrolls of teleportation
 p - a scroll of enchant weapon
 u - 6 scrolls of fear
 v - 2 scrolls of blinking
 x - 4 scrolls of immolation
Potions
 d - 3 potions of haste
 f - 3 potions of cancellation
 i - 2 potions of lignification
 j - a potion of heal wounds
 k - 2 potions of invisibility {unknown}
 l - 2 potions of might
 n - 2 potions of mutation
 o - 3 potions of magic
 q - 2 potions of curing
 r - a potion of flight {unknown}
 t - 4 potions of resistance
 w - a potion of experience {unknown}
 z - 2 potions of brilliance


   Skills:
 - Level 4.2 Fighting
 * Level 14.3 Bows
 + Level 0.5 Armour
 - Level 7.0 Dodging
 - Level 4.0 Stealth
 - Level 5.5 Spellcasting
 - Level 2.6 Transmutations
 - Level 5.0 Air Magic
 - Level 2.5 Earth Magic
 + Level 0.9 Invocations


You had 15 spell levels left.
You knew the following spells:

 Your Spells              Type           Power      Damage    Failure   Level
p - Passwall              Tmut/Erth      10%        N/A       10%         2
S - Swiftness             Air            21%        N/A       7%          3

Your spell library contained the following spells:

 Spells                   Type           Power      Damage    Failure   Level
 Ensorcelled Hibernation  Hex/Ice        8%         N/A       28%         2
 Frozen Ramparts          Ice            8%         1d2       50%         3
 Ice Form                 Ice/Tmut       9%         N/A       71%         4
 Blade Hands              Tmut           6%         N/A       87%         5
 Olgreb's Toxic Radiance  Pois           4%         N/A       88%         4
 Irradiate                Conj/Tmut      4%         3d15      96%         5
 Dragon Form              Tmut           6%         N/A       100%        7
 Ozocubu's Refrigeration  Ice            2%         4d5       100%        7
 Ignition                 Fire           2%         3d3       100%        8
 Summon Ice Beast         Ice/Summ       Unusable   N/A       N/A         4

Dungeon Overview and Level Annotations

Branches:
Dungeon (9/15)             Temple (0/1) D:7            Lair (0/6) D:8
  Sewer (visited)         Ossuary (visited)
    Orc: D:9-12

Altars:
Ashenzari
Dithmenos
Elyvilon
Makhleb
Nemelex Xobeh
Okawaru
Trog
Vehumet
Yredelemnul

Annotations:
D:2 Sigmund


Message History

The arrow hits the gargoyle but does no damage.
The gargoyle is moderately damaged.
You shoot an arrow.
The arrow hits the gargoyle but does no damage.
The gargoyle is moderately damaged.
The gargoyle hits you with a +0 mace.
You shoot an arrow. The arrow barely misses the gargoyle.
The gargoyle hits you with a +0 mace!
You are too injured to fight recklessly!
You are too injured to fight recklessly!
Shoot: a) +2 shortbow (vorpal)
Press: ? - help, Q - select action, (/) - cycle Shift-Dir - straight line, f/p - gargoyle
Aim: a gargoyle, wielding a +0 mace (lightly damaged, 82% to hit)
You shoot an arrow. The arrow hits the gargoyle.
The gargoyle is moderately damaged.
The gargoyle misses you.
Shoot: a) +2 shortbow (vorpal)
Press: ? - help, Q - select action, (/) - cycle Shift-Dir - straight line, f/p - gargoyle
Aim: a gargoyle, wielding a +0 mace (moderately damaged, 82% to hit)
You shoot an arrow. The arrow closely misses the gargoyle.
Unknown command.
Shoot: a) +2 shortbow (vorpal)
Press: ? - help, Q - select action, (/) - cycle Shift-Dir - straight line, f/p - gargoyle
Aim: a gargoyle, wielding a +0 mace (moderately damaged, 82% to hit)
You shoot an arrow.
The arrow hits the gargoyle but does no damage.
The gargoyle is moderately damaged.
The gargoyle hurls a stone arrow at you.
The stone arrow hits you!!
* * * LOW HITPOINT WARNING * * *
Shoot: a) +2 shortbow (vorpal)
Press: ? - help, Q - select action, (/) - cycle Shift-Dir - straight line, f/p - gargoyle
Aim: a gargoyle, wielding a +0 mace (moderately damaged, 82% to hit)
You shoot an arrow. The arrow barely misses the gargoyle.
The gargoyle hits you with a +0 mace.
* * * LOW HITPOINT WARNING * * *
Unknown command.
The gargoyle hurls a stone arrow at you.
The stone arrow hits you!!
You die...

##..............##
##.............##.#
##............###))#
..............##..##
..................##
##..........)....##
#....).......##
###.9)##....##
#...)@####..##
#..#.....###..##
#.#........###..##
#. ##........###..##
. #.........###..#
##..........##.#
##......... ###
#.........


You could see a gargoyle.

Vanquished Creatures
  A boulder beetle (D:8)
  A troll (D:7)
  Grinder (D:5)
  A wyvern (D:5)
  3 wargs
  An ice beast (D:7)
  4 black bears
  3 necrophages
  An orc warrior (D:9)
  2 sky beasts
  3 ogres
  A centaur (D:7)
  2 kobold brigands
  3 bullfrogs
  Blork the orc (D:6)
  2 water moccasin zombies (D:5)
  A scorpion (D:7)
  5 killer bees (D:7)
  4 wights
  A human zombie (D:5)
  A bullfrog zombie (D:5)
  2 centaur zombies (Ossuary)
  3 hounds
  A gnoll shaman (D:5)
  6 orc priests
  2 jellies (D:5)
  An iguana (D:7)
  2 scorpion zombies (D:5)
  Ijyb (D:4)
  8 orc wizards
  A killer bee zombie (D:5)
  8 mummies
  4 gnolls (D:5)
  5 adders
  5 river rats (Sewer)
  A shadow imp (D:5)
  2 white imps
  An ufetubus (D:6)
  An adder zombie (D:5)
  3 worms
  16 orcs
  8 endoplasms
  6 giant cockroaches
  2 gnoll zombies (Ossuary)
  14 goblins
  7 hobgoblins
  27 kobolds
  5 quokkas
  7 ball pythons
  6 bats
  5 frilled lizards
  A goblin zombie (Ossuary)
  2 hobgoblin zombies (Ossuary)
  2 kobold zombies (D:5)
  An orc zombie (Ossuary)
  21 rats
229 creatures vanquished.

Notes
Turn   | Place    | Note
-------+----------+-------------------------------------------
     0 | D:1      | jejorda2 the Deep Elf Hunter began the quest for the Orb.
     0 | D:1      | Reached XP level 1. HP: 12/12 MP: 3/3
   106 | D:1      | Reached XP level 2. HP: 16/16 MP: 4/4
   397 | D:1      | Reached skill level 6 in Bows
   630 | D:2      | Reached XP level 3. HP: 20/20 MP: 5/5
   630 | D:2      | Found a faded altar of an unknown god.
  1007 | D:2      | Noticed Sigmund
  1361 | D:3      | Reached XP level 4. HP: 25/25 MP: 6/6
  1370 | D:3      | Found a glowing drain.
  1386 | Sewer    | Entered a sewer
  1407 | Sewer    | Reached skill level 7 in Bows
  1807 | Sewer    | Reached XP level 5. HP: 19/29 MP: 7/7
  2243 | Sewer    | Reached skill level 8 in Bows
  2804 | D:3      | Learned a level 2 spell: Passwall
  2837 | D:3      | Learned a level 3 spell: Swiftness
  2952 | D:4      | Noticed an ogre
  2956 | D:4      | Killed an ogre
  2957 | D:4      | Reached skill level 1 in Spellcasting
  2957 | D:4      | Reached XP level 6. HP: 34/34 MP: 7/9
  3053 | D:4      | Noticed Ijyb
  3066 | D:5      | Entered Level 5 of the Dungeon
  3066 | D:5      | Noticed a sky beast
  3070 | D:5      | Reached skill level 9 in Bows
  3070 | D:5      | Reached skill level 1 in Air Magic
  3073 | D:5      | Killed a sky beast
  3121 | D:5      | Found a sand-covered staircase.
  3129 | Ossuary  | Entered an ossuary
  3259 | Ossuary  | Reached XP level 7. HP: 38/38 MP: 12/12
  3620 | D:5      | Reached skill level 10 in Bows
  4978 | D:5      | Reached XP level 8. HP: 39/44 MP: 16/16
  5035 | D:5      | Found a basalt altar of Yredelemnul.
  5734 | D:4      | Noticed Grinder
  5736 | D:4      | Paralysed by Grinder for 6 turns
  5756 | D:5      | HP: 1/44 [Grinder (5)]
  5759 | D:5      | Killed Grinder
  5760 | D:5      | Reached skill level 5 in Spellcasting
  5878 | D:4      | Reached skill level 11 in Bows
  6132 | D:4      | Found a shadowy altar of Dithmenos.
  6175 | D:4      | Killed Ijyb
  6439 | D:4      | Found a bloodstained altar of Trog.
  6520 | D:4      | Found a sparkling altar of Nemelex Xobeh.
  6520 | D:4      | Found a burning altar of Makhleb.
  6520 | D:4      | Found a radiant altar of Vehumet.
  7147 | D:6      | Found an iron altar of Okawaru.
  7151 | D:6      | Noticed Blork the orc
  7157 | D:6      | Killed Blork the orc
  7784 | D:6      | Reached XP level 9. HP: 13/50 MP: 19/19
  7991 | D:6      | Became a worshipper of Warmaster Okawaru
  8069 | D:6      | Identified the +8 short sword "Dragonbane" {venom, rElec
                  | rC+ rN+ Int+3}
  8217 | D:6      | Reached skill level 5 in Dodging
  8474 | D:6      | Found a white marble altar of Elyvilon.
  8608 | D:7      | Reached skill level 12 in Bows
  8667 | D:7      | Identified the +11 long sword of Nutuim {freeze, Str+4}
  8720 | D:7      | Found a broken altar of Ashenzari.
  8812 | D:7      | Identified the +2 dagger "Yguuhaed" {vorpal, Int+4}
  8824 | D:7      | Found a staircase to the Ecumenical Temple.
  8864 | D:7      | Reached skill level 5 in Air Magic
  8867 | D:7      | Learned a level 2 spell: Passwall
  9058 | D:7      | Noticed a troll
  9192 | D:7      | Killed a troll
  9193 | D:7      | Reached skill level 1 in Transmutations
  9193 | D:7      | Reached skill level 1 in Earth Magic
  9572 | D:7      | Reached * piety under Okawaru
  9861 | D:8      | Reached skill level 13 in Bows
 10052 | D:8      | Noticed a boulder beetle
 10060 | D:8      | Found a staircase to the Lair.
 10688 | D:8      | Reached XP level 10. HP: 57/57 MP: 20/20
 10732 | D:8      | Killed a boulder beetle
 11026 | D:7      | Found a staircase to the Ecumenical Temple.
 11065 | D:7      | Reached skill level 14 in Bows
 11314 | D:9      | Noticed a gargoyle
 11388 | D:9      | Killed from afar by a gargoyle

Illustrated notes

Levels and vault maps discovered:
D:1:      tarquinn_simple_flora_water_d, layout_basic
D:2:      layout_basic, hellmonk_ecumenical_altar_pennies_from_heaven,
          uniq_sigmund
D:3:      layout_rooms, portal_sewer_entry_f, st_stairs_14
D:4:      layout_basic, overflow_temple_1_default,
          gammafunk_temple_overflow_claw,
          nicolae_dithmenos_through_a_glass_darkly, uniq_ijyb, uniq_grinder
D:5:      layout_basic, lemuel_mausoleum_altar_yredelemnul,
          nicolae_ossuary_entry_giza
D:6:      layout_cave_pools, okawaru_gym_becter, mainiacjoe_overflow_alcove_2,
          uniq_blork_the_orc
D:7:      layout_basic, ashenzari_conservatory_becter,
          minmay_temple_entry_glass, kennysheep_nondescript
D:8:      layout_basic, erik_lair_orcish_takeover, nrook_loot_triangle
D:9:      layout_cave_pods, hangedman_decor_opposing, uniq_prince_ribbit1

Skill      XL: |  1  2  3  4  5  6  7  8  9 10 |
---------------+-------------------------------+-----
Stealth        | 2 3 4 |  4.0
Bows           | 6 7 8 9 10 11 13 14 | 14.3
Spellcasting   | 1 2 4 5 |  5.5
Air Magic      | 1 3 4 5 |  5.0
Fighting       | 2 3 4 |  4.2
Dodging        | 3 4 6 7 |  7.0
Transmutations | 2 |  2.6
Earth Magic    | 2 |  2.5
Armour         | |  0.5
Invocations    | |  0.9

Action                   |  1- 3 |  4- 6 |  7- 9 | 10-12 || total
-------------------------+-------+-------+-------+-------++-------
Melee: Shortbow          |       |       |     2 |       ||     2
 Fire: Shortbow          |    98 |   196 |   449 |    89 ||   832
 Cast: Swiftness         |       |       |     1 |       ||     1
       Passwall          |       |       |     1 |       ||     1
Invok: Heroism           |       |       |       |     3 ||     3
Evoke: Wand              |       |       |       |     4 ||     4
  Use: Scroll            |     1 |    13 |     7 |       ||    21
       Potion            |       |     1 |     5 |     1 ||     7
Armor: Leather armour    |     6 |    17 |    52 |     1 ||    76
Dodge: Dodged            |    21 |    42 |   172 |    22 ||   257

Table legend: (Time is in decaauts)
 A = Elapsed time spent in this place.
 B = Non-inter-level travel time spent in this place.
 C = Inter-level travel time spent in this place.
 D = Time resting spent in this place.
 E = Time spent auto-exploring this place.
 F = Levels seen in this place.
 G = Mean time per level.
                   A        B        C        D        E       F      G
               +--------+--------+--------+--------+--------+-----+--------+
         Total |  11416 |  10481 |    935 |    941 |   7823 |  11 | 1037.8 |
       Dungeon |  10024 |   9089 |    935 |    904 |   6777 |   9 | 1113.8 |
         Sewer |   1035 |   1035 |      0 |      0 |    851 |   1 | 1035.0 |
       Ossuary |    356 |    356 |      0 |     37 |    195 |   1 |  356.0 |
               +--------+--------+--------+--------+--------+-----+--------+

Top non-repeatable levels by time:
     D:5: 3259 daAuts
     D:7: 1457 daAuts
     D:4: 1075 daAuts
     D:8: 1051 daAuts
   Sewer: 1035 daAuts
     D:2: 895 daAuts
     D:6: 793 daAuts
     D:3: 738 daAuts
     D:1: 485 daAuts
 Ossuary: 356 daAuts
     D:9: 268 daAuts
